 Dungeon Crawl Stone Soup version 0.21.1-1-g345015f (webtiles) character file.

387 aMcNicky the Skirmisher (level 6, -2/56 HPs)
             Began as a Hill Orc Fighter on Mar 17, 2018.
             Was a Follower of Okawaru.
             Slain by a mummy (4 damage)
             ... in an ossuary.
             The game lasted 00:10:03 (3547 turns).

aMcNicky the Skirmisher (Hill Orc Fighter)          Turns: 3547, Time: 00:10:03

Health: -2/56      AC:  9    Str: 21    XL:     6   Next: 78%
Magic:  6/6        EV:  7    Int:  8    God:    Okawaru [*.....]
Gold:   111        SH:  9    Dex: 10    Spells: 5/5 levels left

rFire    . . .     SeeInvis .   a - +0 flail
rCold    . . .     Gourm    .   c - +0 shield
rNeg     . . .     Faith    .   b - +0 scale mail
rPois    .         Spirit   .   e - +0 helmet
rElec    .         Reflect  .   (no cloak)
rCorr    .         Harm     .   (no gloves)
MR       .....     Rnd*Tele +   j - +0 pair of boots
Stlth    ..........             (no amulet)
HPRegen  0.00/turn              (no ring)
MPRegen  0.10/turn              (no ring)

@: very slightly contaminated, invisible
A: talons 1, blurry vision 1, inhibited regeneration, teleportitis 1
a: Heroism, Renounce Religion


You were in an ossuary.
You worshipped Okawaru.
Okawaru was aware of your devotion.
You were not hungry.

You visited 1 branch of the dungeon, and saw 4 of its levels.
You also visited: Ossuary.

You collected 111 gold pieces.

Inventory:

Hand Weapons
 a - a +0 flail (weapon)
Armour
 b - a +0 scale mail (worn)
 c - a +0 shield (worn)
 e - a +0 helmet (worn)
 j - a +0 pair of boots (worn)
Jewellery
 s - an uncursed ring of magical power {unknown}
Scrolls
 h - 2 scrolls of magic mapping {unknown}
 i - 3 scrolls of identify {@r1}
 k - 4 scrolls of teleportation
 l - 2 scrolls of remove curse {unknown}
 m - 3 scrolls of fear {unknown}
 n - 3 scrolls of enchant weapon {unknown}
 r - a scroll of enchant armour {unknown}
Potions
 q - a potion of haste {unknown}
Comestibles
 f - 7 rations


   Skills:
 + Level 5.1 Fighting
 * Level 5.0 Maces & Flails
 + Level 4.6 Armour
 + Level 4.6 Shields


You had 5 spell levels left.
You didn't know any spells.

Dungeon Overview and Level Annotations

Branches:
Dungeon (4/15)
 Temple: D:4-7

Altars:
Nemelex Xobeh
Okawaru
Sif Muna


Innate Abilities, Weirdness & Mutations

You have sharp toenails.
Scrolls take you a little longer to read.
You do not regenerate when monsters are visible.
You are occasionally teleported next to monsters.


Message History

You hit the mummy.
The mummy is almost destroyed.
The mummy hits you!
* * * LOW HITPOINT WARNING * * *
You block the mummy's attack.
You hit the mummy.
The mummy is almost destroyed.
You block the mummy's attack.
You hit the mummy.
You destroy the mummy!
Okawaru accepts your kill.
It was a potion of invisibility.
You fade into invisibility!
The mummy hits you but does no damage.
You are very lightly contaminated with residual magic.
There is an open door, spattered with blood here.
You closely miss the mummy.
The mummy is moderately damaged.
The mummy hits you.
You die...

########### #########
#...#...#!!!!#...#..∩#
#...M@∩.+!/?!#.∩.'...#
#...#...#??!!#...#...#
#...####### #####^^^#
#...# #^.^# ##'##
#'### #.^^# #...#
#.^.# #^..# #..^#
#.^^# #.^^# #^..#


You could see a mummy.

Vanquished Creatures
  A water moccasin zombie (Ossuary)
  A scorpion (D:4)
  2 worker ants
  3 big kobold zombies (Ossuary)
  A mummy (Ossuary)
  4 adders
  3 gnolls (D:3)
  2 oozes (D:3)
  3 adder zombies (Ossuary)
  2 leopard geckos
  10 orcs (D:3)
  3 ball pythons
  4 giant cockroaches
  3 gnoll zombies (Ossuary)
  6 goblins
  2 hobgoblins
  4 jackals
  5 bats
  3 frilled lizards
  5 hobgoblin zombies (Ossuary)
  6 kobolds
  4 kobold zombies (Ossuary)
  8 orc zombies (Ossuary)
  10 rats
95 creatures vanquished.

Vanquished Creatures (others)
  A plant (D:3)
1 creature vanquished.

Grand Total: 96 creatures vanquished

Notes
Turn   | Place    | Note
-------+----------+-------------------------------------------
     0 | D:1      | aMcNicky the Hill Orc Fighter began the quest for the Orb.
     0 | D:1      | Reached XP level 1. HP: 19/19 MP: 1/1
   156 | D:1      | Reached XP level 2. HP: 23/27 MP: 2/2
   749 | D:2      | Reached XP level 3. HP: 33/33 MP: 3/3
  1056 | D:2      | Found an iron altar of Okawaru.
  1078 | D:2      | Reached XP level 4. HP: 40/40 MP: 4/4
  1108 | D:2      | Became a worshipper of Warmaster Okawaru
  1224 | D:2      | Found a deep blue altar of Sif Muna.
  1327 | D:2      | Found a sparkling altar of Nemelex Xobeh.
  2137 | D:3      | Reached XP level 5. HP: 47/47 MP: 5/5
  2485 | D:3      | Found a faded altar of an unknown god.
  2800 | D:4      | Found a sand-covered staircase.
  2819 | D:4      | Gained mutation: You are occasionally teleported next to monsters. [potion of mutation]
  2819 | D:4      | Gained mutation: You do not regenerate when monsters are visible. [potion of mutation]
  2819 | D:4      | Gained mutation: Scrolls take you a little longer to read. [potion of mutation]
  2819 | D:4      | Gained mutation: You have sharp toenails. [potion of mutation]
  2826 | D:4      | Reached XP level 6. HP: 24/53 MP: 6/6
  2921 | Ossuary  | Entered an ossuary
  3306 | Ossuary  | Reached * piety under Okawaru
  3306 | Ossuary  | Reached skill level 5 in Fighting
  3306 | Ossuary  | Reached skill level 5 in Maces & Flails
  3541 | Ossuary  | HP: 2/56 [mummy (9)]
  3547 | Ossuary  | Slain by a mummy

Skill      XL: |  1  2  3  4  5  6 |
---------------+-------------------+-----
Maces & Flails | 3 4 5 |  5.0
Fighting       | 4 5 |  5.1
Shields        | 4 |  4.6
Armour         | 4 |  4.6

Action                   |  1- 3 |  4- 6 || total
-------------------------+-------+-------++-------
Melee: Flail             |    97 |   299 ||   396
  Use: Scroll            |     2 |       ||     2
       Potion            |       |     5 ||     5
  Eat: Chunk             |     1 |     6 ||     7
       Ration            |       |     1 ||     1
Armor: Scale mail        |    62 |   134 ||   196
       Skin              |       |     4 ||     4
Dodge: Dodged            |    39 |    86 ||   125
Block: Shield            |    72 |   170 ||   242
